Map: Rhoskallian LE

Players

RubenXIV

  • Race: Terran Terran
  • League: Bronze
  • Spawn Location: 5:00

Awesomor

  • Race: Protoss Protoss
  • League: Silver
  • Spawn Location: 6:00

CoolAndSoOn - Winner!

  • Race: Protoss Protoss
  • League: Master
  • Spawn Location: 12:00

DrusilaMagna - Winner!

  • Race: Terran Terran
  • Spawn Location: 11:00

VOD

Have the link to the VOD?

Description

Time

  • Played on: Oct. 4, 2025, 1:17 p.m.
  • Length: 7:26
Show
View Real Time Build Order
Export as new Build Order

RubenXIV Terran 

Build Orders:  

Get SALT Encoding   

  12  0:01  SCV  
  13  0:13  SCV  
  14  0:19  Supply Depot  
  14  0:26  Refinery  
  14  0:44  Barracks  
  14  0:54  Barracks  
  14  0:56  SCV  
  15  1:09  Refinery  
  15  1:11  SCV  
  16  1:32  Orbital Command  
  16  1:40  Barracks Tech Lab  
  16  1:43  Barracks Reactor  
  16  1:59  SCV  
  17  2:04  Stimpack  
  17  2:11  SCV  
  18  2:29  Marine, SCV  
  20  2:30  Marauder  
  20  2:31  Supply Depot  
  22  2:41  SCV  
  23  2:53  Marauder, Supply Depot  
  23  2:54  Marine  
  23  2:55  Marine  
  27  3:12  Marine  
  28  3:13  Marine  
  28  3:16  Supply Depot  
  29  3:22  Factory, SCV  
  30  3:27  Marine  
  31  3:35  Engineering Bay  
  30  3:49  SCV  
  30  3:51  Marauder  
  30  3:52  Marine  
  34  4:10  Terran Infantry Weapons Level 1, Starport  
  34  4:11  SCV  
  34  4:15  Marauder  
  37  4:19  Marine  
  38  4:24  Factory Tech Lab  
  38  4:33  Supply Depot  
  38  4:34  Marine  
  39  4:43  Marine  
  39  4:44  Marauder  
  42  4:51  Marine  
  42  4:52  Combat Shield  
  39  5:28  Siege Tank  
  36  5:29  Marine  
  36  5:30  Marine x2  
  36  5:34  Starport Tech Lab  
  39  5:47  Marine  
  37  6:00  Siege Tank  
  31  6:07  Banshee  
  34  6:11  Concussive Shells  
  29  6:32  Siege Tank  
  29  6:44  Marauder  
  29  6:46  SCV  
  32  7:00  SCV  
  30  7:14  Supply Depot  
  30  7:16  Supply Depot  
Show
View Real Time Build Order
Export as new Build Order

Awesomor Protoss 

Build Orders: 1 Gate Expand 

Get SALT Encoding   

  12  0:01  Probe  
  13  0:13  Probe  
  14  0:24  Pylon  
  14  0:26  Probe  
  15  0:42  Probe  
  16  0:47  Gateway  
  16  0:50  Probe  
  16  0:54  Assimilator  
  17  0:58  Probe  
  18  1:08  Probe  
  19  1:20  Probe  
  20  1:32  Probe  
  21  1:40  Nexus  
  21  1:51  Cybernetics Core  
  21  2:01  Probe  
  21  2:03  Pylon  
  21  2:05  Assimilator  
  22  2:14  Probe  
  23  2:26  Probe  
  23  2:27  Stalker  
  26  2:47  Robotics Facility  
  26  2:49  Probe  
  27  3:00  Probe  
  28  3:05  Stalker  
  28  3:06  Probe  
  28  3:08  Probe, Pylon  
  32  3:14  Probe  
  32  3:16  Probe  
  33  3:23  Probe  
  35  3:27  Probe  
  35  3:30  Gateway  
  35  3:32  Gateway  
  36  3:35  Probe  
  36  3:39  Probe  
  38  3:56  Probe x2  
  38  4:01  Observer  
  41  4:08  Probe x2  
  41  4:09  Stalker  
  45  4:20  Probe x2  
  45  4:21  Assimilator  
  47  4:25  Assimilator  
  47  4:32  Probe  
  47  4:36  Probe  
  49  4:44  Probe  
  50  4:48  Probe  
  51  4:56  Probe  
  52  5:00  Probe  
  53  5:08  Probe  
  54  5:24  Stalker  
  54  5:30  Stalker  
  49  5:43  Immortal  
  34  6:05  Cybernetics Core  
  32  6:43  Zealot  
  30  6:51  Zealot  
Show
View Real Time Build Order
Export as new Build Order

CoolAndSoOn Protoss - Winner!

Build Orders:  

Get SALT Encoding   

  12  0:00  Probe  
  13  0:13  Probe  
  14  0:19  Pylon  
  14  0:25  Probe  
  15  0:37  Probe  
  15  0:40  Gateway  
  16  0:46  Probe  
  16  0:47  Assimilator  
  17  0:55  Probe  
  17  0:59  Assimilator  
  17  1:03  Probe  
  19  1:17  Probe  
  20  1:29  Probe  
  21  1:37  Pylon  
  21  1:38  Cybernetics Core  
  21  1:53  Probe  
  22  1:55  Zealot, Warp Gate  
  24  2:11  Gateway  
  24  2:18  Pylon  
  24  2:22  Stalker  
  24  2:23  Gateway  
  26  2:38  Probe  
  26  2:42  Gateway  
  27  2:57  Pylon  
  27  3:10  Probe  
  28  3:52  Stalker  
  28  3:53  Sentry  
  28  3:54  Zealot x2  
  36  4:01  Probe  
  37  4:15  Nexus  
  37  4:17  Zealot  
  37  4:18  Zealot x3  
  37  4:22  Probe  
  46  4:27  Pylon  
  46  4:41  Probe  
  47  4:46  Sentry x3  
  47  4:48  Zealot  
  45  5:25  Zealot, Sentry  
  45  5:26  Zealot x2  
  51  5:38  Probe  
  51  5:41  Pylon  
  51  5:42  Probe  
  53  5:50  Stalker, Sentry  
  53  5:51  Zealot x2  
  55  6:35  Stalker  
  55  6:36  Sentry  
  55  6:37  Zealot x2  
  57  6:50  Probe  
  57  6:53  Probe  
  59  6:57  Assimilator  
  59  6:58  Probe  
  59  7:00  Robotics Facility  
  59  7:03  Twilight Council  
  59  7:05  Probe  
  59  7:08  Probe  
Show
View Real Time Build Order
Export as new Build Order

DrusilaMagna Terran - Winner!

Build Orders:  

Get SALT Encoding   

  12  0:02  SCV  
  13  0:15  Supply Depot  
  13  0:18  SCV  
  14  0:31  Refinery  
  14  0:42  Barracks  
  14  0:43  SCV  
  15  0:55  SCV  
  16  1:08  SCV  
  17  1:19  Barracks  
  17  1:20  SCV  
  18  1:32  SCV  
  19  1:37  Barracks Tech Lab  
  19  1:39  Supply Depot  
  19  1:47  Orbital Command  
  19  1:55  Engineering Bay  
  19  2:01  Marine  
  19  2:06  Combat Shield  
  20  2:21  Supply Depot  
  20  2:31  Barracks Reactor  
  20  2:37  Barracks  
  20  2:51  Supply Depot  
  20  2:58  Marine  
  21  3:09  Marine x2  
  23  3:16  Marauder  
  25  3:21  Bunker  
  25  3:29  Stimpack  
  26  3:37  SCV  
  27  3:42  Marine x2  
  27  3:47  Barracks Reactor  
  28  3:59  Factory  
  28  4:17  Marine x2  
  28  4:18  Marine  
  31  4:28  Factory  
  31  4:35  Marine  
  32  4:43  SCV  
  33  4:56  SCV  
  34  5:30  Marine x3  
  34  5:31  Marine  
  38  5:49  Marine x3  
  31  6:03  Factory Tech Lab  
  31  6:06  Factory Tech Lab  
  31  6:07  Starport  
  31  6:15  Marine x3  
  31  6:16  Marine, Marauder  
  37  6:38  Marauder  
  39  6:40  Marine  
  39  6:41  Marine x2  
  42  6:49  Marine  
  43  6:58  Marine  
  43  6:59  Marine  
Tags
 
Add a new tag
Caveats
  • Supply blocks, unpowered buildings, or Contaminate may cause inaccurate times.
  • Supply counts are checked every 10 seconds.